 Dungeon Crawl Stone Soup version 0.28.0-49-g6dfe1f597d (webtiles) character file.

Game seed: 9751576358723460723

380 Exodus22XD the Poker (level 6, -18/47 HPs)
             Began as a Demonspawn Gladiator on May 15, 2022.
             Demolished by a two-headed ogre
             ... wielding a +0 giant club
              (20 damage)
             ... on level 5 of the Dungeon.
             The game lasted 00:03:18 (4045 turns).

Exodus22XD the Poker (Demonspawn Gladiator)         Turns: 4045, Time: 00:03:19

Health: -18/47     AC: 10    Str: 17    XL:     6   Next: 46%
Magic:  6/6        EV: 11    Int:  9    God:
Gold:   292        SH:  0    Dex: 14    Spells: 5/5 levels left

rFire   . . .      SeeInvis .   a - +0 trident
rCold   . . .      Faith    .   (no shield)
rNeg    . . .      Spirit   .   n - +0 scale mail
rPois   .          Reflect  .   c - +0 helmet
rElec   .          Harm     .   (no cloak)
rCorr   .          Rampage  .   (no gloves)
Will    .....                   (no boots)
Stlth   ..........              (no amulet)
HPRegen 0.15/turn               (no ring)
MPRegen 0.10/turn               (no ring)

@: no status effects
A: thin metallic scales 2, powered by death 1
a: no special abilities


You were on level 5 of the Dungeon.
You visited 1 branch of the dungeon, and saw 5 of its levels.

You collected 292 gold pieces.

Inventory:

Hand Weapons
 a - a +0 trident (weapon)
Missiles
 d - 3 throwing nets (quivered)
Armour
 c - a +0 helmet (worn)
 n - a +0 scale mail (worn)
Jewellery
 i - a ring of wizardry
Scrolls
 f - 2 scrolls of magic mapping
 h - 3 scrolls of teleportation {unknown}
 k - a scroll of brand weapon {unknown}
 m - 2 scrolls of enchant armour {unknown}
 q - 2 scrolls of fear
 s - 2 scrolls of torment {unknown}
Potions
 b - a potion of attraction {unknown}
 e - 3 potions of ambrosia
 g - a potion of haste
 j - 2 potions of curing {unknown}
 l - 2 potions of heal wounds {unknown}
 o - a potion of cancellation {unknown}
 p - 2 potions of invisibility {unknown}
 r - 2 potions of degeneration {unknown}
 t - 2 potions of brilliance {unknown}


   Skills:
 + Level 3.0 Fighting
 + Level 5.1 Polearms
 + Level 1.8 Throwing
 + Level 2.1 Armour
 + Level 3.6 Dodging
 + Level 0.3 Stealth


You had 5 spell levels left.
You didn't know any spells.
Your spell library contained the following spells:

 Spells                   Type           Power      Damage    Failure   Level
 Animate Skeleton         Necr           0%         N/A       80%         1
 Magic Dart               Conj           0%         1d3       80%         1
 Pain                     Necr           0%         1d4       80%         1
 Call Imp                 Summ           0%         N/A       91%         2
 Corpse Rot               Necr/Air       0%         N/A       91%         2
 Ensorcelled Hibernation  Hex/Ice        0%         N/A       91%         2
 Passwall                 Tmut/Erth      0%         N/A       91%         2
 Poisonous Vapours        Pois/Air       0%         N/A       91%         2
 Mephitic Cloud           Conj/Pois/Air  0%         N/A       99%         3
 Swiftness                Air            0%         N/A       99%         3
 Vampiric Draining        Necr           0%         2d6       99%         3


Dungeon Overview and Level Annotations

Branches:
Dungeon (5/15)
 Temple: D:4-7

Altars:
Elyvilon
Yredelemnul


Innate Abilities, Weirdness & Mutations

You are mostly covered in thin metallic scales. (AC +3)
You regenerate a little health from kills.


Message History

Aim: a two-headed ogre, wielding two +0 giant clubs (heavily wounded, about 25% to evade your +0 trident)
You reach to attack!
You hit the two-headed ogre.
The two-headed ogre is heavily wounded.
Reach: a) +0 trident
Press: ? - help, Dir - move target, f/p - two-headed ogre
Aim: a two-headed ogre, wielding two +0 giant clubs (heavily wounded, about 25% to evade your +0 trident)
You reach to attack!
You puncture the two-headed ogre!
The two-headed ogre is severely wounded.
Reach: a) +0 trident
Press: ? - help, Dir - move target, f/p - two-headed ogre
Aim: a two-headed ogre, wielding two +0 giant clubs (severely wounded, about 25% to evade your +0 trident)
You reach to attack!
You hit the two-headed ogre but do no damage.
The two-headed ogre is severely wounded.
Reach: a) +0 trident
Press: ? - help, Dir - move target, f/p - two-headed ogre
Aim: a two-headed ogre, wielding two +0 giant clubs (severely wounded, about 25% to evade your +0 trident)
You reach to attack!
You barely miss the two-headed ogre.
The two-headed ogre is severely wounded.
Your extra speed is starting to run out.
Reach: a) +0 trident
Press: ? - help, Dir - move target, f/p - two-headed ogre
Aim: a two-headed ogre, wielding two +0 giant clubs (severely wounded, about 25% to evade your +0 trident)
You reach to attack!
You closely miss the two-headed ogre.
The two-headed ogre is severely wounded.
Reach: a) +0 trident
Press: ? - help, Dir - move target, f/p - two-headed ogre
Aim: a two-headed ogre, wielding two +0 giant clubs (severely wounded, about 25% to evade your +0 trident)
You reach to attack!
You puncture the two-headed ogre!
The two-headed ogre is almost dead.
You feel yourself slow down.
Reach: a) +0 trident
Press: ? - help, Dir - move target, f/p - two-headed ogre
Aim: a two-headed ogre, wielding two +0 giant clubs (almost dead, about 25% to evade your +0 trident)
You reach to attack!
You barely miss the two-headed ogre.
The two-headed ogre is almost dead.
The two-headed ogre hits you with a +0 giant club!!
* * * LOW HITPOINT WARNING * * *
The two-headed ogre hits you with a +0 giant club!!
You die...

.......#........................#
.########.......................#
.# #######.....##...######## .#
#.....###### .# #.....# .#
#.....# .# #.....# ## #.O...#
#.@.### ##+##


You could see a two-headed ogre.

Vanquished Creatures
  A necrophage (D:4)
  2 bullfrog skeletons
  A centaur skeleton (D:5)
  2 iguanas
  Ijyb (D:3)
  A hound skeleton (D:5)
  6 adders
  2 adder skeletons (D:4)
  A dart slug (D:1)
  3 orcs
  3 ball pythons
  11 endoplasms
  A giant cockroach (D:1)
  5 hobgoblins
  7 kobolds
  2 quokkas (D:4)
  6 bats
  2 frilled lizards (D:1)
  4 goblins
  3 rats (D:1)
  A spectral orc (D:3)
65 creatures vanquished.

Notes
Turn   | Place    | Note
-------+----------+-------------------------------------------
     0 | D:1      | Exodus22XD the Demonspawn Gladiator began the quest for the
                  | Orb.
     0 | D:1      | Reached XP level 1. HP: 16/16 MP: 1/1
   241 | D:1      | Reached skill level 3 in Polearms
   249 | D:1      | Gained mutation: You are partially covered in thin metallic
                  | scales. (AC +2) [demonic ancestry]
   249 | D:1      | Reached XP level 2. HP: 18/22 MP: 2/2
   844 | D:1      | Reached XP level 3. HP: 27/27 MP: 3/3
  1376 | D:2      | Found a faded altar of an unknown god.
  2126 | D:3      | Reached skill level 1 in Armour
  2126 | D:3      | Gained mutation: You regenerate a little health from kills.
                  | [demonic ancestry]
  2126 | D:3      | Reached XP level 4. HP: 33/33 MP: 4/4
  2264 | D:3      | Noticed Ijyb
  2268 | D:3      | Paralysed by Ijyb for 6 turns
  2289 | D:3      | Killed Ijyb
  2467 | D:3      | Found a basalt altar of Yredelemnul.
  2764 | D:4      | Reached skill level 4 in Polearms
  2764 | D:4      | Reached XP level 5. HP: 22/39 MP: 5/5
  2911 | D:4      | Noticed a necrophage
  2925 | D:4      | Killed a necrophage
  3224 | D:4      | Gained mutation: You are mostly covered in thin metallic
                  | scales. (AC +3) [demonic ancestry]
  3224 | D:4      | Reached XP level 6. HP: 46/46 MP: 6/6
  3613 | D:5      | Entered Level 5 of the Dungeon
  3873 | D:5      | Reached skill level 5 in Polearms
  4000 | D:5      | Noticed a two-headed ogre
  4045 | D:5      | HP: 2/47 [two-headed ogre/+0 giant club (18)]
  4045 | D:5      | Demolished by a two-headed ogre

Illustrated notes

Levels and vault maps discovered:
D:1:      minmay_arrival_three_doors, layout_basic, minmay_misc_feat_iff,
          minmay_door_square, kennysheep_decorative_pillar, minmay_pentomino_v2
D:2:      layout_basic, ebering_ecumenical_altar_petrified
D:3:      layout_rooms, yredelemnul_forgotten_temple_becter,
          minmay_crystal_water, serial_park_tiny_pond, serial_park_tiny_pond,
          uniq_ijyb
D:4:      layout_loops_ring, mainiacjoe_overflow_concentric_impassable
D:5:      layout_gridville, chequers_jeans

Skill      XL: |  1  2  3  4  5  6 |
---------------+-------------------+-----
Polearms       | 3 4 5 |  5.1
Dodging        | 3 |  3.6
Armour         | 1 2 |  2.1
Fighting       | 3 |  3.0
Throwing       | |  1.8
Stealth        | |  0.3

Action                   |  1- 3 |  4- 6 || total
-------------------------+-------+-------++-------
Melee: Trident           |   138 |   162 ||   300
       Punch             |     2 |     2 ||     4
  Use: Scroll            |       |     4 ||     4
       Potion            |       |     1 ||     1
Armor: Leather armour    |    37 |       ||    37
       Scale mail        |    11 |    55 ||    66
Dodge: Dodged            |    70 |    58 ||   128
